 Dungeon Crawl Stone Soup version 0.27.1-4-g1640c2035a (webtiles) character file.

Game seed: 4517940046679357601

181 unlimited1921 the Vexing (level 5, 0/41 HPs)
             Began as a Gnoll Arcane Marksman on Nov 13, 2021.
             Killed by divine providence
             ... invoked by an orc priest
              (12 damage)
             ... on level 2 of the Dungeon.
             The game lasted 00:23:49 (5815 turns).

unlimited1921 the Vexing (Gnoll Arcane Marksman)    Turns: 5815, Time: 00:23:50

Health: 0/41       AC:  8    Str: 10    XL:     5   Next: 61%
Magic:  4/9        EV: 13    Int: 13    God:
Gold:   153        SH:  0    Dex: 12    Spells: 4/10 levels left

rFire    . . .     SeeInvis .   q - +1 whip (vamp)
rCold    . . .     Faith    .   (no shield)
rNeg     . . .     Spirit   .   p - +1 leather armour {Will+}
rPois    .         Reflect  .   (no helmet)
rElec    .         Harm     .   (no cloak)
rCorr    .         Rampage  .   (no gloves)
Will     +....                  (no boots)
Stlth    +.........             (no amulet)
HPRegen  0.13/turn              g - +4 ring of protection
MPRegen  0.11/turn              (no ring)

@: no status effects
A: fangs 1, strong nose, distributed training
a: no special abilities


You were on level 2 of the Dungeon.
You visited 1 branch of the dungeon, and saw 3 of its levels.

You collected 153 gold pieces.

Inventory:

Hand Weapons
 a - a +0 hand crossbow
 b - a +0 dagger
 f - a +0 hunting sling
 j - a +0 short sword
 n - a +0 hand axe
 o - a +0 scimitar
 q - a +1 vampiric whip (weapon)
 s - a +0 flail
Missiles
 e - 48 stones
 k - 45 arrows
 l - 4 boomerangs (quivered)
Armour
 p - a +1 leather armour of willpower (worn)
 r - a +0 scale mail
Jewellery
 g - a +4 ring of protection (left hand)
Scrolls
 d - a scroll of summoning {unknown}
 h - a scroll of identify {unknown}
 i - 5 scrolls of teleportation
Potions
 m - 3 potions of flight {unknown}


   Skills:
 + Level 3.0 Fighting
 + Level 1.5 Short Blades
 + Level 1.5 Long Blades
 + Level 1.5 Axes
 + Level 1.5 Maces & Flails
 + Level 1.5 Polearms
 + Level 1.5 Staves
 + Level 1.5 Slings
 + Level 1.5 Bows
 + Level 4.8 Crossbows
 + Level 1.5 Throwing
 + Level 1.5 Armour
 + Level 4.8 Dodging
 + Level 1.5 Stealth
 + Level 1.5 Shields
 + Level 1.5 Unarmed Combat
 + Level 3.2 Spellcasting
 + Level 1.2 Conjurations
 + Level 5.5 Hexes
 + Level 1.2 Summonings
 + Level 1.2 Necromancy
 + Level 1.2 Translocations
 + Level 1.2 Transmutations
 + Level 1.2 Fire Magic
 + Level 1.2 Ice Magic
 + Level 1.2 Air Magic
 + Level 1.2 Earth Magic
 + Level 1.2 Poison Magic
 + Level 1.7 Invocations
 + Level 1.5 Evocations


You had 4 spell levels left.
You knew the following spells:

 Your Spells              Type           Power      Damage    Failure   Level
a - Corona                Hex            17%        N/A       3%          1
b - Slow                  Hex            16%        N/A       4%          2
c - Inner Flame           Hex/Fire       10%        N/A       22%         3

Your spell library contained the following spells:

 Spells                   Type           Power      Damage    Failure   Level
 Animate Skeleton         Necr           10%        N/A       19%         1
 Apportation              Tloc           10%        N/A       19%         1
 Summon Small Mammal      Summ           20%        N/A       19%         1
 Portal Projectile        Hex/Tloc       20%        N/A       22%         3
 Cause Fear               Hex            8%         N/A       30%         4


Dungeon Overview and Level Annotations

Branches:
Dungeon (3/15)

Altars:


Innate Abilities, Weirdness & Mutations

You have very sharp teeth.
Your uncanny sense of smell can sniff out nearby items.
Your experience applies equally to all skills.


Message History

You kill the goblin!
Casting: Corona (safe; 3% risk of failure)
Confirm with . or Enter, or press ? or * to list all spells.
Aiming: Corona (safe; 3% risk of failure)
Press: ? - help, Shift-Dir - straight line, f - orc priest
Aim: an orc priest, wielding a +0 mace and wearing a +0 leather armour (chance to affect: 53%)
The orc priest struggles to resist.
The orc priest mumbles some strange prayers to Beogh against you.
Beogh smites you! The orc priest hits you with a +0 mace.
You hear an angry hiss.
You hit the orc priest.
You feel better.
The orc priest is moderately wounded.
The orc priest hits you with a +0 mace.
You hit the orc priest.
You feel better.
The orc priest is moderately wounded.
The orc priest calls upon Beogh to heal the orc priest.
The orc priest's wounds heal themselves!
The orc priest casts a cantrip, but nothing happens.
The orc priest hits you with a +0 mace.
You climb upwards.
There is a stone staircase leading down here.
You are too injured to fight recklessly!
Casting: Corona (safe; 3% risk of failure)
Confirm with . or Enter, or press ? or * to list all spells.
Aiming: Corona (safe; 3% risk of failure)
Press: ? - help, Shift-Dir - straight line, f - orc priest
Aim: an orc priest, wielding a +0 mace and wearing a +0 leather armour (chance to affect: 53%)
The orc priest is outlined in light.
The orc priest hits you but does no damage.
Throw: 4 boomerangs
Press: ? - help, Q - select action, (/) - cycle Shift-Dir - straight line, f/p - orc priest
Aim: an orc priest, wielding a +0 mace and wearing a +0 leather armour (softly glowing, 77% to hit)
You throw a boomerang.
The boomerang barely misses the orc priest.
The orc priest hits you with a +0 mace.
* * * LOW HITPOINT WARNING * * *
The orc priest misses you.
The orc priest invokes the aid of Beogh against you.
Beogh smites you!
You die...

.....#.............#
.....#.######.##.#.#
.....#.# #..#.#.#
.....#.#
##.#.#.#########
#....#.#
#.#.#.........#
#....#.#
#...#########.#
#....#.# ##o.# #.#
#....#.# #..># #.#
######.# ###@# #.#
######.# #รท# #.#
.......# #.# #.#
########
#.#########.#
#...........#
#############


You could see an orc priest (corona).

Vanquished Creatures
  An ice beast (D:2)
  2 adders
  2 worms (D:2)
  3 dart slugs
  3 orcs
  4 bats
  4 endoplasms
  2 giant cockroaches (D:2)
  6 goblins
  3 hobgoblins
  7 jackals
  4 ball pythons
  3 frilled lizards (D:1)
  5 kobolds
  6 rats
55 creatures vanquished.

Notes
Turn   | Place    | Note
-------+----------+-------------------------------------------
     0 | D:1      | unlimited1921 the Gnoll Arcane Marksman began the quest for
                  | the Orb.
     0 | D:1      | Reached XP level 1. HP: 17/17 MP: 4/4
   458 | D:1      | Reached XP level 2. HP: 13/23 MP: 1/5
  1897 | D:2      | Found a faded altar of an unknown god.
  1911 | D:2      | Reached XP level 3. HP: 28/28 MP: 4/7
  2512 | D:2      | Learned a level 2 spell: Slow
  2516 | D:2      | Learned a level 3 spell: Inner Flame
  2711 | D:2      | Reached skill level 1 in Invocations
  3349 | D:2      | Reached skill level 1 in Short Blades
  3349 | D:2      | Reached skill level 1 in Long Blades
  3349 | D:2      | Reached skill level 1 in Axes
  3349 | D:2      | Reached skill level 1 in Maces & Flails
  3349 | D:2      | Reached skill level 1 in Polearms
  3349 | D:2      | Reached skill level 1 in Staves
  3349 | D:2      | Reached skill level 1 in Slings
  3349 | D:2      | Reached skill level 1 in Bows
  3349 | D:2      | Reached skill level 1 in Throwing
  3349 | D:2      | Reached skill level 1 in Armour
  3349 | D:2      | Reached skill level 1 in Stealth
  3349 | D:2      | Reached skill level 1 in Shields
  3349 | D:2      | Reached skill level 1 in Unarmed Combat
  3349 | D:2      | Reached skill level 1 in Evocations
  3891 | D:2      | Reached XP level 4. HP: 34/34 MP: 1/8
  4463 | D:3      | Noticed an ice beast
  4514 | D:2      | Killed an ice beast
  4515 | D:2      | Reached skill level 1 in Conjurations
  4515 | D:2      | Reached skill level 1 in Summonings
  4515 | D:2      | Reached skill level 1 in Necromancy
  4515 | D:2      | Reached skill level 1 in Translocations
  4515 | D:2      | Reached skill level 1 in Transmutations
  4515 | D:2      | Reached skill level 1 in Fire Magic
  4515 | D:2      | Reached skill level 1 in Ice Magic
  4515 | D:2      | Reached skill level 1 in Air Magic
  4515 | D:2      | Reached skill level 1 in Earth Magic
  4515 | D:2      | Reached skill level 1 in Poison Magic
  4515 | D:2      | Reached XP level 5. HP: 35/41 MP: 7/9
  5815 | D:2      | Killed from afar by an orc priest

Illustrated notes

Levels and vault maps discovered:
D:1:      amcnicky_arrival_underground_garden, layout_basic,
          wad_floor_pattern_untrapped
D:2:      layout_basic, basic_ecumenical_altar, solitary_fountain
D:3:      layout_basic, minivault_26, chequers_garden, uniq_natasha

Skill      XL: |  1  2  3  4 |
---------------+-------------+-----
Invocations    | 1 |  1.7
Short Blades   | 1 |  1.5
Long Blades    | 1 |  1.5
Axes           | 1 |  1.5
Maces & Flails | 1 |  1.5
Polearms       | 1 |  1.5
Staves         | 1 |  1.5
Slings         | 1 |  1.5
Bows           | 1 |  1.5
Throwing       | 1 |  1.5
Armour         | 1 |  1.5
Stealth        | 1 |  1.5
Shields        | 1 |  1.5
Unarmed Combat | 1 |  1.5
Evocations     | 1 |  1.5
Fighting       | 3 |  3.0
Spellcasting   | 3 |  3.2
Conjurations   | 1 |  1.2
Summonings     | 1 |  1.2
Necromancy     | 1 |  1.2
Translocations | 1 |  1.2
Transmutations | 1 |  1.2
Fire Magic     | 1 |  1.2
Ice Magic      | 1 |  1.2
Air Magic      | 1 |  1.2
Earth Magic    | 1 |  1.2
Poison Magic   | 1 |  1.2
Crossbows      | |  4.8
Dodging        | |  4.8
Hexes          | |  5.5

Action                   |  1- 3 |  4- 6 || total
-------------------------+-------+-------++-------
Melee: Hand axe          |     2 |       ||     2
       Scimitar          |    21 |    30 ||    51
       Whip              |     9 |    11 ||    20
       Short sword       |     2 |       ||     2
       Bite              |     1 |       ||     1
 Fire: Hand crossbow     |    62 |    33 ||    95
Throw: Boomerang         |     1 |     9 ||    10
 Cast: Corona            |    46 |    20 ||    66
       Slow              |     6 |    11 ||    17
  Use: Scroll            |       |     1 ||     1
Armor: Robe              |    10 |       ||    10
       Leather armour    |    15 |    41 ||    56
Dodge: Dodged            |    32 |    53 ||    85
       Rpst.: Scimitar   |     4 |     3 ||     7
